 Dungeon Crawl Stone Soup version 0.17-a0-119-g2b06fc5 (webtiles) character file.

116 xeno23 the Chiller (level 4, -2/29 HPs)
             Began as a High Elf Ice Elementalist on Mar 20, 2015.
             Slain by Robin
             ... wielding a +0 falchion
              (4 damage)
             ... on level 3 of the Dungeon.
             The game lasted 00:15:15 (1640 turns).

xeno23 the Chiller (High Elf Ice Elementalist)      Turns: 1640, Time: 00:15:16

Health: -2/29      AC:  2    Str:  7    XL:     4   Next: 70%
Magic:  1/12       EV: 13    Int: 23    God:
Gold:   96         SH:  0    Dex: 15    Spells: 2 memorised, 6 levels left

rFire  . . .     SeeInvis .     l - +0 dagger
rCold  . . .     Clarity  .     a - +0 robe
rNeg   . . .     SustAb   .     (no shield)
rPois  .         Gourm    .     (no helmet)
rElec  .         Spirit   .     (no cloak)
rCorr  .         Warding  .     (no gloves)
rMut   .         Stasis   .     (no boots)
MR     +....                    (no amulet)
Stlth  ++........               n - ring of protection from magic
                                d - +3 ring of intelligence

@: somewhat resistant to hostile enchantments, unstealthy
A: no striking features
a: no special abilities


You were on level 3 of the Dungeon.
You were not hungry.

You visited 1 branch of the dungeon, and saw 3 of its levels.

You collected 96 gold pieces.

Inventory:

Hand weapons
 l - a +0 dagger (weapon)
 m - a +0 whip
Missiles
 o - 18 stones (quivered)
Armour
 a - a +0 robe (worn)
 r - a +0 ring mail
 t - a +0 leather armour
Jewellery
 d - a +3 ring of intelligence (left hand)
 n - a ring of protection from magic (right hand)
Magical devices
 g - a wand of invisibility (3)
Scrolls
 e - 2 scrolls of enchant armour {unknown}
 j - 2 scrolls of recharging {unknown}
 k - a scroll of blinking {unknown}
 p - a scroll of fog {unknown}
 s - a scroll of enchant weapon {unknown}
Potions
 i - 2 potions of flight {unknown}
 q - a potion of curing {unknown}
Books
 b - a book of Frost

   Spells                             Type                      Level
   a - Freeze                         Ice                          1
   b - Throw Frost                    Conjuration/Ice              2
   c - Ozocubu's Armour               Charms/Ice                   3
   d - Throw Icicle                   Conjuration/Ice              4
   e - Summon Ice Beast               Ice/Summoning                4
   f - Condensation Shield            Ice                          4
Comestibles
 c - 3 bread rations
 f - 2 beef jerkies
 h - a meat ration
 u - 2 chunks of flesh


   Skills:
 * Level 2.1 Fighting
 + Level 0.5 Armour
 + Level 2.7 Dodging
 + Level 2.9 Stealth
 * Level 3.2 Spellcasting
 + Level 1.4 Conjurations
 * Level 3.5 Ice Magic


You had 6 spell levels left.
You knew the following spells:

 Your Spells              Type           Power        Failure   Level  Hunger
a - Freeze                Ice            ###.         2%          1    None
q - Throw Frost           Conj/Ice       ###...       10%         2    ##.....


Dungeon Overview and Level Annotations

Branches:
Dungeon (3/15)

Altars:

Annotations:
D:3 Robin


Message History

* * * LOW HITPOINT WARNING * * *
Robin closely misses you.
Casting: Throw Frost
Confirm with . or Enter, or press ? or * to list all spells.
Aiming: Throw Frost
Press: ? - help, Shift-Dir - straight line, f/p - Robin
Aim: Robin, wielding a falchion, wearing an animal skin and wearing a helmet (lightly wounded, berserk, fast, unusually strong)
The puff of frost hits Robin.
Robin is lightly wounded.
Robin hits you with a falchion.
* * * LOW HITPOINT WARNING * * *
Casting: Throw Frost
Confirm with . or Enter, or press ? or * to list all spells.
Aiming: Freeze
Press: ? - help, Shift-Dir - straight line, f/p - Robin
Aim: Robin, wielding a falchion, wearing an animal skin and wearing a helmet (lightly wounded, berserk, fast, unusually strong)
You freeze Robin.
Robin is moderately wounded.
Robin hits you with a falchion.
You die...

### #.# #########.#
#.........# #.....###.#
#############.###.#
#.gggggg@.........#
#.###########.##..#######
#.# #.#.......... #g#
#.#...######. #.#
####.#...######.


ggg ..........#...#. #.# ####.#....#.#.#. #.# #......#.#.#. #.# ####.......#.
You could see Robin (berserk), a hobgoblin and 4 goblins.

Vanquished Creatures
  Natasha (twice) (D:3)
  Jessica (D:2)
  An adder (D:2)
  A giant mite (D:2)
  A worm (D:1)
  2 giant geckos
  An orc (D:3)
  2 ball pythons (D:1)
  A giant cockroach (D:2)
  6 goblins
  7 hobgoblins
  5 kobolds
  7 bats
  4 rats
41 creatures vanquished.

Notes
Turn   | Place    | Note
--------------------------------------------------------------
     0 | D:1      | xeno23, the High Elf Ice Elementalist, began the quest for the Orb.
     0 | D:1      | Reached XP level 1. HP: 11/11 MP: 4/4
    56 | D:1      | Reached XP level 2. HP: 10/17 MP: 0/6
    68 | D:1      | Learned a level 2 spell: Throw Frost
   363 | D:1      | Reached skill level 1 in Fighting
   729 | D:2      | Noticed Jessica
   732 | D:2      | Killed Jessica
   732 | D:2      | Reached XP level 3. HP: 23/23 MP: 2/8
  1095 | D:2      | Reached XP level 4. HP: 19/29 MP: 10/12
  1493 | D:3      | Noticed Natasha
  1500 | D:3      | Killed Natasha
  1584 | D:3      | Noticed Natasha
  1588 | D:3      | Killed Natasha
  1626 | D:3      | Noticed Robin
  1640 | D:3      | Slain by Robin

Action                   |  1- 3 |  4- 6 || total
-------------------------+-------+-------++-------
Melee: Unarmed           |    35 |       ||    35
       Dagger            |    18 |    24 ||    42
 Cast: Freeze            |     9 |     6 ||    15
       Throw Frost       |    19 |    14 ||    33
 Stab: Sleeping          |     2 |       ||     2
  Eat: Chunk             |     1 |     2 ||     3
